 Dungeon Crawl Stone Soup version 0.14.0-17-gc0b17a5 (webtiles) character file.

7525 Infinimo the Carver (level 10, -4/77 HPs)
             Began as a Minotaur Fighter on Apr 19, 2014.
             Was an Elder of Makhleb.
             Killed from afar by Nergalle (19 damage)
             ... with a bolt of negative energy
             ... on Level 10 of the Dungeon.
             The game lasted 00:19:46 (11493 turns).

Infinimo the Carver (Minotaur Fighter)             Turns: 11493, Time: 00:19:47

HP  -4/77        AC 18     Str 21      XL: 10   Next: 80%
MP  13/13        EV  5     Int  8      God: Makhleb [****..]
Gold 586         SH 23     Dex 13      Spells:  1 memorised,  6 levels left

rFire  . . .     SeeInvis .     a - +1 long sword
rCold  . . .     Clarity  .     K - +0 plate armour
rNeg   . . .     Conserve .     c - +0 shield
rPois  +         rCorr    +     y - +2 hat
rElec  .         rRot     .     p - +1 cloak
SustAb . .       Spirit   .     (no gloves)
rMut   .         Warding  .     E - +0 pair of boots
Saprov . . .     Stasis   .     k - amulet of resist corrosion
MR     .....                    G - +3 ring of dexterity
                                F - ring of poison resistance

@: drained, not resistant to hostile enchantments, extremely unstealthy
A: retaliatory headbutt, horns 2
a: Minor Destruction, Lesser Servant of Makhleb, Major Destruction, Renounce
Religion


You were on level 10 of the Dungeon.
You worshipped Makhleb.
Makhleb was greatly pleased with you.
You were not hungry.

You visited 2 branches of the dungeon, and saw 11 of its levels.

You collected 612 gold pieces.
You spent 26 gold pieces at shops.

Inventory:

Hand weapons
 a - a +1,+1 long sword (weapon)
Armour
 c - a +0 shield (worn)
 p - a +1 cloak (worn)
 y - a +2 hat (worn)
 E - a +0 pair of boots (worn)
 K - a +0 plate armour (worn)
Magical devices
 q - a wand of slowing (14) {unknown}
 B - a wand of paralysis (10) {unknown}
Comestibles
 d - 13 bread rations
 j - 2 chokos
 n - 6 meat rations
 D - 4 pears
 J - 6 beef jerkies
Scrolls
 f - 6 scrolls of teleportation
 h - 4 scrolls of identify
 l - 4 scrolls of magic mapping
 s - a scroll of fear
 x - 6 scrolls of remove curse
Jewellery
 b - an uncursed ring of magical power
 k - an amulet of resist corrosion (around neck)
 m - an uncursed ring of sustain abilities
 o - a cursed ring of teleportation
 F - a ring of poison resistance (left hand)
 G - a +3 ring of dexterity (right hand)
Potions
 e - a potion of might
 g - 6 potions of curing
 i - 3 potions of heal wounds
 r - a potion of flight
 t - a potion of haste
 v - a potion of degeneration {unknown}
 A - a potion of restore abilities
 C - a potion of berserk rage {unknown}
 N - a potion of invisibility
Books
 w - a book of Dreams

   Spells                             Type                      Level
   Ensorcelled Hibernation            Hexes/Ice                    2
   *Flight                            Charms/Air                   3
   Phase Shift                        Translocation                5
   Shadow Creatures                   Summoning                    5
   Mass Confusion                     Hexes                        6
   Darkness                           Hexes                        7


   Skills:
 - Level 3.6(2.5) Fighting
 * Level 13.8(12.4) Long Blades
 + Level 8.1(6.9) Armour
 - Level 10.5(9.2) Shields
 - Level 5.2(4.0) Invocations


You had 6 spell levels left.
You knew the following spells:

 Your Spells              Type           Power        Failure   Level  Hunger
a - Flight                Chrm/Air       #.........   100%        3    ####...


Dungeon Overview and Level Annotations

Branches:
Dungeon (10/15)            Temple (1/1) D:4            Lair (0/8) D:10
    Orc: D:9-12

Altars:
Ashenzari
Cheibriados
Dithmenos
Elyvilon
Fedhas
Kikubaaqudgha
Makhleb
Nemelex Xobeh
Okawaru
Sif Muna
Trog
Vehumet
Xom
Yredelemnul
Zin
The Shining One
Lugonu

Shops:
D:5 *

Annotations:
D:10 exclusion: ice statue, Nergalle


Innate Abilities, Weirdness & Mutations

You reflexively headbutt those who attack you in melee.
You have a pair of horns on your head.


Message History

The spectral orc warrior hits you from afar with a trident.
* * * LOW HITPOINT WARNING * * *
Nergalle casts a spell at the spectral orc.
The spectral orc seems to speed up.
Your plate armour prevents you from hitting Nergalle.
Nergalle is almost dead.
You block the spectral orc warrior's attack. x3
Your plate armour prevents you from hitting Nergalle.
Nergalle is almost dead.
Nergalle gestures at you while chanting.
Orcish apparitions take form around you.
You block the spectral orc warrior's attack. x2
You slash Nergalle!
Nergalle is almost dead.
Nergalle is no longer invulnerable.
You block the spectral orc warrior's attack.
You block the spectral orc knight's attack.
Nergalle gestures at you while chanting.
The bolt of negative energy hits you!
You feel drained.
You die...

#########################
......WW@W..).......<....
......WoWW...............
......WWW...............
..##########(.##########
. #..#.........
#..#.........
#..#.........
#..#.........
#..#.........


You could see Nergalle, 4 spectral orcs, a spectral orc knight and 4 spectral
orc warriors.

Vanquished Creatures
  Psyche (D:8)
  2 trolls
  11 yaks
  2 hippogriffs (D:7)
  2 sharks (D:10)
  2 hill giant skeletons
  A soldier ant (D:10)
  The ghost of Infinimo the Sneak, an average KoAs (D:3)
  3 wolves (D:10)
  A sky beast (D:6)
  An ice beast (D:6)
  2 water moccasins
  2 phantoms
  3 ogres
  A giant goldfish (D:10)
  An orc warrior (D:9)
  3 centaurs
  Sigmund (D:7)
  A gnoll sergeant (D:8)
  A giant frog (D:6)
  2 giant goldfish zombies (D:6)
  2 scorpions
  2 electric eels (D:10)
  3 crimson imps
  8 hounds
  3 goliath beetles
  6 orc priests
  An elf zombie (D:7)
  A jelly (D:7)
  3 iguanas (D:4)
  Natasha (thrice) (D:3)
  5 worker ants
  4 orc wizards
  An ogre zombie (D:5)
  Ijyb (D:4)
  A crocodile skeleton (D:6)
  13 gnolls
  10 adders
  2 shadow imps (D:7)
  2 giant mites
  An inept feature mimic (D:5)
  4 worms
  An adder skeleton (D:4)
  44 orcs
  12 bats
  8 giant cockroaches
  13 hobgoblins
  3 jackals (D:1)
  2 oozes
  5 quokkas
  A ball python (D:3)
  11 giant geckos
  3 giant newts
  9 goblins
  2 goblin skeletons (D:4)
  2 jackal zombies
  22 kobolds
  2 orc skeletons (D:9)
  A quokka zombie (D:6)
  18 rats
  A spectral orc (D:10)
  A ballistomycete (D:9)
281 creatures vanquished.

Vanquished Creatures (others)
  An ogre (D:7)
  A hound (D:7)
  A giant mite (D:7)
  A giant spore (D:9)
4 creatures vanquished.

Grand Total: 285 creatures vanquished

Notes
Turn   | Place    | Note
--------------------------------------------------------------
     0 | D:1      | Infinimo, the Minotaur Fighter, began the quest for the Orb.
     0 | D:1      | Reached XP level 1. HP: 19/19 MP: 1/1
   115 | D:1      | Reached XP level 2. HP: 26/26 MP: 1/1
   219 | D:1      | Reached skill level 4 in Armour
   239 | D:1      | Reached XP level 3. HP: 23/31 MP: 2/2
  1095 | D:2      | Found a snail-covered altar of Cheibriados.
  1125 | D:2      | Reached XP level 4. HP: 28/39 MP: 2/2
  2094 | D:3      | Noticed Natasha
  2107 | D:3      | Killed Natasha
  2107 | D:3      | Reached XP level 5. HP: 34/45 MP: 2/2
  2237 | D:3      | Noticed Natasha
  2242 | D:3      | Killed Natasha
  2242 | D:3      | Reached skill level 5 in Long Blades
  2353 | D:3      | Noticed Natasha
  2363 | D:3      | Killed Natasha
  2509 | D:3      | Noticed Infinimo's ghost (average KoAs)
  2529 | D:3      | Killed Infinimo's ghost
  2529 | D:3      | Reached skill level 5 in Armour
  2529 | D:3      | Reached skill level 5 in Shields
  2529 | D:3      | Reached XP level 6. HP: 26/51 MP: 3/3
  2978 | D:4      | Reached skill level 6 in Long Blades
  3285 | D:4      | Reached XP level 7. HP: 36/57 MP: 3/3
  3350 | D:4      | Noticed Ijyb
  3362 | D:4      | Killed Ijyb
  3560 | D:4      | Found a staircase to the Ecumenical Temple.
  3649 | Temple   | Entered the Ecumenical Temple
  3687 | Temple   | Became a worshipper of Makhleb the Destroyer
  3956 | D:5      | Entered Level 5 of the Dungeon
  4227 | D:5      | Reached skill level 7 in Long Blades
  4389 | D:5      | Found an ancient bone altar of Kikubaaqudgha.
  4394 | D:5      | Found Gauwaroa's Assorted Antiques.
  4414 | D:5      | Bought a scroll labeled PNEAVU KLURCH for 26 gold pieces
  4595 | D:5      | Acquired Makhleb's first power
  4656 | D:5      | Found a shattered altar of Ashenzari.
  4683 | D:5      | Found an iron altar of Okawaru.
  4758 | D:5      | Reached skill level 8 in Long Blades
  5482 | D:6      | Reached XP level 8. HP: 64/64 MP: 3/3
  6045 | D:6      | Reached skill level 9 in Long Blades
  6105 | D:6      | Found a sparkling altar of Nemelex Xobeh.
  6374 | D:6      | Found a basalt altar of Yredelemnul.
  6576 | D:7      | Noticed Sigmund
  6614 | D:7      | Killed Sigmund
  6614 | D:7      | Acquired Makhleb's second power
  7086 | D:7      | Found a deep blue altar of Sif Muna.
  7110 | D:7      | Reached skill level 10 in Long Blades
  7119 | D:7      | Reached XP level 9. HP: 35/70 MP: 4/4
  7298 | D:7      | Found a radiant altar of Vehumet.
  7482 | D:7      | Found a deep blue altar of Sif Muna.
  7483 | D:7      | Found a white marble altar of Elyvilon.
  7644 | D:7      | Found a glowing silver altar of Zin.
  7849 | D:8      | Reached skill level 1 in Invocations
  7972 | D:8      | Noticed Psyche
  8004 | D:8      | Killed Psyche
  8004 | D:8      | Reached skill level 11 in Long Blades
  8281 | D:8      | Acquired Makhleb's third power
  8812 | D:9      | Reached skill level 12 in Long Blades
  8836 | D:9      | Reached XP level 10. HP: 64/77 MP: 10/10
  9373 | D:9      | Acquired Makhleb's fourth power
  9943 | D:10     | Entered Level 10 of the Dungeon
  9982 | D:10     | Learned a level 3 spell: Flight
 10044 | D:10     | Noticed an ice statue
 10521 | D:10     | Reached skill level 13 in Long Blades
 10521 | D:10     | Reached skill level 10 in Shields
 11142 | D:10     | Reached skill level 5 in Invocations
 11151 | D:10     | Found a staircase to the Lair.
 11434 | D:10     | Noticed Nergalle
 11493 | D:10     | Killed from afar by Nergalle

Action                   |  1- 3 |  4- 6 |  7- 9 | 10-12 || total
-------------------------+-------+-------+-------+-------++-------
Melee: Long sword        |   107 |   186 |   582 |   363 ||  1238
Invok: Minor Destruction |       |       |     1 |     2 ||     3
Evoke: Wand              |       |     1 |     1 |       ||     2
  Use: Potion            |       |     1 |     1 |     1 ||     3
       Scroll            |       |    10 |    11 |     1 ||    22
